 Dungeon Crawl Stone Soup version 0.31-a0-177-g4aa6249778 (webtiles) character file.

Game seed: 8310972065015107560

113 qw the Chopper (level 4, -6/28 HPs)
             Began as a Gargoyle Fighter on June 18, 2023.
             Killed by divine providence
             ... invoked by an orc priest
              (16 damage)
             ... on level 3 of the Dungeon.
             The game lasted 00:00:46 (1501 turns).

qw the Chopper (Gargoyle Fighter)                   Turns: 1501, Time: 00:00:47

Health: -6/28      AC: 13    Str: 21    XL:     4   Next: 96%
Magic:  4/4        EV:  7    Int:  9    God:
Gold:   64         SH:  4    Dex:  9    Spells: 3/3 levels left

rFire   . . .        Y - +0 war axe
rCold   . . .        c - +0 buckler
rNeg    + . .        g - +0 chain mail
rPois   inf          j - +0 helmet
rElec   +            (no cloak)
rCorr   .            (no gloves)
SInv    .            (no boots)
Will    .....        (no amulet) Stlth
                     (no ring)
HPRegen 0.24/turn    (no ring)
MPRegen 0.09/turn

%: no passive effects
@: no status effects
A: sickness immunity, AC +3, negative energy resistance 1, electricity
resistance, torment resistance 1, petrification resistance
a: no special abilities


You were on level 3 of the Dungeon.
You visited 1 branch of the dungeon, and saw 3 of its levels.

You collected 64 gold pieces.


Innate Abilities, Weirdness & Mutations

You are immune to sickness and miasma.
Your stone body is resilient. (AC +3)
You are immune to poison.
You resist negative energy. (rN+)
You are resistant to electric shocks. (rElec)
You are resistant to unholy torment.
You are immune to petrification.


   Skills:
 - Level 3.2 Fighting
 + Level 4.5 Axes
 - Level 3.2 Armour
 - Level 3.2 Shields


You had 3 spell levels left.
You didn't know any spells.
Your spell library was empty.

Inventory:

Hand Weapons
 i - a +0 club
 Y - a +0 war axe (weapon)
Armour
 c - a +0 buckler (worn)
 g - a +0 chain mail (worn)
 j - a +0 helmet (worn)
Scrolls
 e - a scroll of identify
Potions
 d - a potion of might
 f - a potion of curing
 h - a potion of brilliance {unknown}
 k - a potion of enlightenment {unknown}

Dungeon Overview and Level Annotations

Branches:
Dungeon (3/15)

Altars:


Message History

The orc is heavily wounded.
You hit the orc priest.
The orc priest hits you but does no damage.
You block the orc's attack.
You barely miss the orc.
The orc is heavily wounded.
You barely miss the orc priest. The orc hits you with a +0 hand axe.
The orc priest closely misses you.
You closely miss the orc.
The orc is heavily wounded.
You hit the orc priest but do no damage.
The orc priest hits you with a +0 dagger.
The orc hits you but does no damage. The orc priest barely misses you.
The orc hits you but does no damage.
You hit the orc.
You kill the orc!
You closely miss the orc priest.
The orc priest hits you but does no damage.
You hit the orc priest.
The orc priest is lightly wounded.
You block the orc priest's attack.
You slash the orc priest!
The orc priest is severely wounded.
You hear the slow rusting of a distant drain.
You hit the orc priest.
The orc priest is severely wounded.
You hit the orc wizard but do no damage.
The orc wizard hits you with a +1 dagger of protection.
The orc priest hits you but does no damage.
The orc wizard gestures at you while chanting.
The puff of flame misses you.
The orc priest looks braver for a moment.
You closely miss the orc priest.
The orc priest is severely wounded.
You hit the orc wizard. The orc wizard barely misses you.
The orc priest calls down the wrath of Beogh upon you.
Beogh smites you!
Ouch! That really hurt!
You die...

#..##.%<#....#
#..#.###....#
#..[.# #....###
##...###....#(.
###.>##....#.#
##..#....#.#
##..###.#.#
..........##.#.####
..........##.o@..^#
..........###o###.#
..................#
#...#+##+####.#####
#... #.. ### ....
##.o. .o.. ..oo.


You could see an orc priest and an orc wizard.

Vanquished Creatures
  An orc priest (D:3)
  Jessica (D:2)
  2 adders (D:2)
  A dart slug (D:1)
  An orc (D:3)
  5 ball pythons (D:1)
  2 bats (D:1)
  2 giant cockroaches
  4 hobgoblins
  6 frilled lizards
  6 goblins
  5 kobolds
  3 rats (D:1)
39 creatures vanquished.

Notes
Turn   | Place    | Note
-------+----------+-------------------------------------------
     0 | D:1      | qw the Gargoyle Fighter began the quest for the Orb.
     0 | D:1      | Reached XP level 1. HP: 14/14 MP: 1/1
     0 | D:1      | 0 ||| qw: Version: 0.3-a-5-g6f28e65
     0 | D:1      | 0 ||| qw: Game counter: 647
     0 | D:1      | 0 ||| qw: Always use a shield: true
     0 | D:1      | 0 ||| qw: God list: Okawaru
     0 | D:1      | 0 ||| qw: Allow faded altars: false
     0 | D:1      | 0 ||| qw: Do Orc after D:15 true
     0 | D:1      | 0 ||| qw: Do second Lair branch before Depths: true
     0 | D:1      | 0 ||| qw: Lair rune preference: random
     0 | D:1      | 0 ||| qw: Plans: Normal, Zot:1-4, Slime:5, God:TSO, Crypt,
                  | Tomb, Abyss, Pan, Hells, Win
     0 | D:1      | 0 ||| PLANNING D:1-11
    39 | D:1      | Reached skill level 2 in Axes
    47 | D:1      | 47 ||| FLEEEEING.
    78 | D:1      | Reached XP level 2. HP: 19/19 MP: 2/2
   413 | D:1      | Reached skill level 3 in Axes
   495 | D:1      | Reached XP level 3. HP: 21/23 MP: 3/3
   831 | D:1      | 831 ||| UPGRADING to +0 chain mail.
   841 | D:1      | 841 ||| DROPPING +0 scale mail.
   842 | D:1      | 842 ||| READING scroll labelled VEZECI BE VYTEN.
   843 | D:1      | 843 ||| READING scroll labelled UGGEULUOTO.
   929 | D:2      | 929 ||| Stepping ~*~*~tactically~*~*~ (stealth).
  1173 | D:2      | Noticed Jessica
  1178 | D:2      | Killed Jessica
  1179 | D:2      | Reached skill level 4 in Axes
  1179 | D:2      | Reached XP level 4. HP: 18/28 MP: 4/4
  1425 | D:2      | 1425 ||| UPGRADING to +0 helmet.
  1430 | D:2      | 1430 ||| READING scroll labelled CAHYFO QANUJ.
  1431 | D:2      | 1431 ||| READING scroll labelled OLITHIXADO.
  1432 | D:2      | 1432 ||| DRINKING 2 cyan potions.
  1454 | D:3      | 1454 ||| PLANNING SEWER
  1482 | D:3      | 1482 ||| Stepping ~*~*~tactically~*~*~ (hiding).
  1483 | D:3      | 1483 ||| Stepping ~*~*~tactically~*~*~ (hiding).
  1485 | D:3      | 1485 ||| Stepping ~*~*~tactically~*~*~ (hiding).
  1486 | D:3      | 1486 ||| Stepping ~*~*~tactically~*~*~ (hiding).
  1501 | D:3      | Killed from afar by an orc priest

Levels and vault maps discovered:
D:1:      lightli_arrival_noodles, layout_basic
D:2:      layout_basic, uniq_jessica
D:3:      layout_basic, cheibrodos_sewer_entry_bend, kennysheep_generic_room_15

Skill      XL: |  1  2  3 |
---------------+----------+-----
Axes           | 2 3 4 |  4.5
Fighting       | |  3.2
Armour         | |  3.2
Shields        | |  3.2

Action                     |  1- 3 |  4- 6 || total
---------------------------+-------+-------++-------
  Melee: War axe           |   104 |    15 ||   119
    Use: Scroll            |     2 |     2 ||     4
         Potion            |       |     1 ||     1
 Armour: Scale mail        |    40 |       ||    40
         Chain mail        |    12 |     7 ||    19
  Dodge: Dodged            |    46 |     6 ||    52
  Block: Buckler           |    19 |     3 ||    22

Table legend:
 A = Non-vault XP
 B = Vault XP
 C = Vault XP percentage of total XP
 D = Non-vault monster count
 E = Vault monster count
 F = Vault count percentage of total count
                 A         B        C        D         E       F
            +---------+---------+-------+---------+---------+-------
      Total |     125 |      37 |  22.8 |      38 |       1 |   2.6
            +---------+---------+-------+---------+---------+-------
        D:1 |      44 |       0 |   0.0 |      28 |       0 |   0.0
        D:2 |      36 |      37 |  50.7 |       7 |       1 |  12.5
        D:3 |      45 |       0 |   0.0 |       3 |       0 |   0.0
            +---------+---------+-------+---------+---------+-------
